 Dungeon Crawl Stone Soup version 0.25-a0-448-g1f46b9f714 (webtiles) character file.

Game seed: 16104836759182938989, levelgen mode: deterministic

977 kae the Jinx (level 7, -2/32 HPs)
             Began as a Spriggan Enchanter on Jan 31, 2020.
             Slain by an ogre
             ... wielding a +0 giant club
              (25 damage)
             ... on level 6 of the Dungeon.
             The game lasted 00:09:26 (6529 turns).

kae the Jinx (Spriggan Enchanter)                   Turns: 6529, Time: 00:09:26

Health: -2/32      AC:  2    Str:  6    XL:     7   Next: 95%
Magic:  4/15       EV: 17    Int: 16    God:
Gold:   167        SH:  8    Dex: 17    Spells: 10/16 levels left

rFire    . . .     SeeInvis +   a - +2 dagger
rCold    . . .     Gourm    .   l - +3 buckler
rNeg     . . .     Faith    .   b - +0 robe
rPois    .         Spirit   .   (helmet restricted)
rElec    .         Reflect  .   j - scarf {cloud immunity}
rCorr    .         Harm     .   (gloves unavailable)
MR       +....                  (boots unavailable)
Stlth    +++.......             (no amulet)
HPRegen  0.10/turn              (no ring)
MPRegen  0.14/turn              (no ring)

@: very slightly contaminated, very quick
A: very small, unfitting armour, see invisible, herbivore, speed 3, slow
metabolism 2
a: no special abilities


You were on level 6 of the Dungeon.
You were hungry.

You visited 1 branch of the dungeon, and saw 6 of its levels.
You also visited: Sewer.

You collected 195 gold pieces.
You spent 28 gold pieces at shops.

Inventory:

Hand Weapons
 a - a +2 dagger (weapon)
Armour
 b - a +0 robe (worn)
 j - a scarf of cloud immunity (worn)
 l - a +3 buckler (worn)
Wands
 m - a wand of random effects (13)
 p - a wand of enslavement (10)
Scrolls
 e - 2 scrolls of magic mapping
 k - a scroll of enchant armour
 r - a scroll of amnesia
 u - a scroll of remove curse
Potions
 c - a potion of invisibility
 f - a potion of flight
 g - a potion of haste
 h - 4 potions of magic
 i - a potion of brilliance {unknown}
 n - a potion of agility {unknown}
 o - a potion of heal wounds {unknown}
 q - 2 potions of lignification {unknown}
Comestibles
 d - 5 rations


   Skills:
 + Level 6.6 Short Blades
 - Level 3.0 Dodging
 - Level 4.4 Stealth
 - Level 5.0 Spellcasting
 - Level 8.0 Hexes


You had 10 spell levels left.
You knew the following spells:

 Your Spells              Type           Power        Failure   Level  Hunger
a - Corona                Hex            ####...      1%          1    None
b - Ensorcelled Hibernat  Hex/Ice        ###...       8%          2    #......
c - Confusing Touch       Hex            ####....     2%          3    ###....

Your spell library contained the following spells:

 Spells                   Type           Power        Failure   Level  Hunger
 Tukima's Dance           Hex            ####....     2%          3    ###....
 Dazzling Flash           Conj/Hex       ###...       14%         3    ###....


Dungeon Overview and Level Annotations

Branches:
Dungeon (6/15)              Sewer (visited)
 Temple: D:4-7

Altars:
Ashenzari
Makhleb

Shops:
D:5 ?

Annotations:
D:5 3 runed translucent doors, acidapple's ghost, amateur VSMo


Innate Abilities, Weirdness & Mutations

You are very small and have problems with some larger weapons.
You are too small for most types of armour.
You have supernaturally acute eyesight. (SInv)
You are a herbivore.
You cover ground extremely quickly.
You need to consume almost no food.


Message History

Confirm with . or Enter, or press ? or * to list all spells.
Aiming: Ensorcelled Hibernation (safe; 8% risk of failure)
Press: ? - help, Shift-Dir - straight line, f/p - ogre
Aim: an ogre, wielding a +0 giant club (chance to defeat MR: 47%)
The ogre resists with some effort.
You block the ogre's attack.
Casting: Ensorcelled Hibernation (safe; 8% risk of failure)
Confirm with . or Enter, or press ? or * to list all spells.
Aiming: Ensorcelled Hibernation (safe; 8% risk of failure)
Press: ? - help, Shift-Dir - straight line, f/p - ogre
Aim: an ogre, wielding a +0 giant club (chance to defeat MR: 47%)
The ogre resists with some effort.
Casting: Ensorcelled Hibernation (safe; 8% risk of failure)
Confirm with . or Enter, or press ? or * to list all spells.
Aiming: Ensorcelled Hibernation (safe; 8% risk of failure)
Press: ? - help, Shift-Dir - straight line, f/p - ogre
Aim: an ogre, wielding a +0 giant club (chance to defeat MR: 47%)
You miscast Ensorcelled Hibernation.
A chill runs through your body.
The ogre hits you with a +0 giant club!!
Ouch! That really hurt!
You die...

.....................>.#
...#####.#.......#####.#
#.#.......# #.#
#####.#.......# #.#
#.....#.......# #.#
#.....#.......# #.#
#....!######### #.#
#.....########## .#
###+#.<...@O5.......
.........###........
......†..# #........
.........# #h[......
.........# #........
.........# #........
.........# #........
.........# #........
.........#


You could see an ogre and a crimson imp.

Vanquished Creatures
  Duvessa (D:5)
  A centaur (D:5)
  An ogre (D:4)
  Dowan (D:5)
  A howler monkey (D:6)
  2 hounds
  An orc wizard (D:5)
  Jessica (D:3)
  2 iguanas (D:5)
  Ijyb (D:4)
  6 worker ants
  A hound skeleton (D:4)
  3 gnolls (D:5)
  10 adders
  3 river rats (D:4)
  2 oozes
  2 adder zombies
  2 worms (D:4)
  4 dart slugs
  3 leopard geckos
  12 orcs
  2 giant cockroaches (D:4)
  7 hobgoblins
  15 jackals
  12 kobolds
  2 quokkas
  4 ball pythons (Sewer)
  5 bats
  8 frilled lizards
  2 goblins
  10 rats
127 creatures vanquished.

Notes
Turn   | Place    | Note
-------+----------+-------------------------------------------
     0 | D:1      | kae the Spriggan Enchanter began the quest for the Orb.
     0 | D:1      | Reached XP level 1. HP: 9/9 MP: 5/5
    70 | D:1      | Reached skill level 4 in Hexes
   323 | D:1      | Reached XP level 2. HP: 8/13 MP: 4/6
   466 | D:1      | Learned a level 2 spell: Ensorcelled Hibernation
  1049 | D:1      | Reached XP level 3. HP: 10/16 MP: 0/8
  1586 | D:2      | Learned a level 3 spell: Confusing Touch
  1629 | D:2      | Reached skill level 5 in Hexes
  1816 | D:2      | Found a faded altar of an unknown god.
  1832 | D:2      | Reached XP level 4. HP: 21/21 MP: 6/9
  1856 | D:2      | Found a burning altar of Makhleb.
  2811 | D:3      | Reached skill level 6 in Hexes
  2824 | D:3      | Noticed Jessica
  2839 | D:3      | Killed Jessica
  2839 | D:3      | Reached XP level 5. HP: 24/24 MP: 1/10
  3354 | D:4      | Noticed Ijyb
  3363 | D:4      | Killed Ijyb
  3431 | D:4      | Noticed an ogre
  3506 | D:4      | Reached skill level 7 in Hexes
  3506 | D:4      | Reached XP level 6. HP: 25/28 MP: 1/11
  3702 | D:4      | Found a glowing drain.
  3706 | Sewer    | Entered a sewer
  5191 | D:4      | Reached skill level 8 in Hexes
  5291 | D:5      | Entered Level 5 of the Dungeon
  5344 | D:5      | Reached XP level 7. HP: 13/32 MP: 3/12
  5452 | D:5      | Noticed acidapple's ghost (amateur VSMo)
  5459 | D:5      | Found a runed translucent gate.
  5459 | D:5      | Found a runed translucent gate.
  5460 | D:5      | Found a runed translucent gate.
  5468 | D:5      | Found a shattered altar of Ashenzari.
  5706 | D:5      | Found Aroiroph's Magic Scroll Emporium.
  5713 | D:5      | Bought a scroll of identify for 28 gold pieces
  5746 | D:5      | Noticed Duvessa
  5885 | D:5      | Noticed Dowan
  5900 | D:5      | Reached skill level 5 in Short Blades
  5903 | D:5      | Killed Dowan
  5906 | D:5      | Killed Duvessa
  6227 | D:5      | Reached skill level 5 in Spellcasting
  6529 | D:6      | Slain by an ogre

Levels and vault maps discovered:
D:1:      ncdulo_watergridlock, layout_basic
D:2:      layout_loops_corners, makhleb_heckhound_becter,
          chequers_ecumenical_altar_island
D:3:      layout_basic, uniq_jessica
D:4:      layout_rooms, lightli_sewer_entry_pipes, uniq_ijyb
D:5:      layout_loops_cross, lemuel_crystal_altar, serial_shops,
          nicolae_shop_trees, gammafunk_ghost_split, first_ration, uniq_duvessa
D:6:      layout_basic, minmay_temple_entry_drinking_statues, uniq_grinder,
          uniq_maggie

Skill      XL: |  1  2  3  4  5  6  7 |
---------------+----------------------+-----
Hexes          | 4 5 6 7 8 |  8.0
Short Blades   | 2 3 4 6 |  6.6
Spellcasting   | 3 5 |  5.0
Dodging        | |  3.0
Stealth        | |  4.4

Action                   |  1- 3 |  4- 6 |  7- 9 || total
-------------------------+-------+-------+-------++-------
Melee: Dagger            |   142 |   323 |    43 ||   508
 Cast: Corona            |    16 |     8 |     1 ||    25
       Ensorcelled Hiber |    16 |    58 |    27 ||   101
       Confusing Touch   |       |     3 |     2 ||     5
  Use: Scroll            |     3 |    10 |     3 ||    16
       Potion            |       |     2 |     2 ||     4
 Stab: Sleeping          |     9 |    43 |    17 ||    69
       Confused          |       |     2 |     2 ||     4
  Eat: Ration            |       |     4 |     1 ||     5
Armor: Robe              |    10 |    16 |       ||    26
Dodge: Dodged            |   143 |   164 |    17 ||   324
Block: Buckler           |       |    84 |    19 ||   103

Table legend:
 A = Non-vault XP
 B = Vault XP
 C = Vault XP percentage of total XP
 D = Non-vault monster count
 E = Vault monster count
 F = Vault count percentage of total count
                 A         B        C        D         E       F
            +---------+---------+-------+---------+---------+-------
      Total |     957 |     440 |  31.5 |      95 |      32 |  25.2
            +---------+---------+-------+---------+---------+-------
        D:1 |      48 |       0 |   0.0 |      24 |       0 |   0.0
        D:2 |      60 |      40 |  40.0 |      15 |       1 |   6.2
        D:3 |      46 |      37 |  44.6 |      11 |       1 |   8.3
        D:4 |     298 |      98 |  24.7 |      21 |       9 |  30.0
        D:5 |     380 |     216 |  36.2 |      21 |       2 |   8.7
        D:6 |     125 |       0 |   0.0 |       3 |       0 |   0.0
      Sewer |       0 |      49 | 100.0 |       0 |      19 | 100.0
            +---------+---------+-------+---------+---------+-------
